 Dungeon Crawl Stone Soup version 0.29.1-15-g9cfb28693d (webtiles) character file.

Game seed: 10632019880690201253

79 zeram the Shooter (level 4, -8/26 HPs)
             Began as a Gargoyle Hunter on Apr 11, 2023.
             Mangled by Crazy Yiuf
             ... wielding a +4 quarterstaff of chaos
              (14 damage)
             ... on level 2 of the Dungeon.
             The game lasted 00:02:14 (1821 turns).

zeram the Shooter (Gargoyle Hunter)                 Turns: 1821, Time: 00:02:15

Health: -8/26      AC:  8    Str: 14    XL:     4   Next: 38%
Magic:  3/3        EV: 12    Int: 10    God:
Gold:   73         SH:  0    Dex: 17    Spells: 3/3 levels left

rFire   . . .      SeeInvis .   a - +0 shortbow
rCold   . . .      Faith    .   (shield currently unavailable)
rNeg    + . .      Spirit   .   c - +0 leather armour
rPois   ∞          Reflect  .   (no helmet)
rElec   +          Harm     .   (no cloak)
rCorr   .          Rampage  .   (no gloves)
Will    .....                   (no boots)
Stlth   ++........              (no amulet)
HPRegen 0.08/turn               g - ring of flight
MPRegen 0.08/turn               (no ring)

@: flying, hasted, invisible, unable to drink, very quick
A: sickness immunity, AC +3, negative energy resistance 1, electricity
resistance, torment resistance 1, petrification resistance, iridescent scales 1,
agile 1, low MP 1, inability to drink after injury 1
a: no special abilities


You were on level 2 of the Dungeon.
You visited 1 branch of the dungeon, and saw 2 of its levels.

You collected 73 gold pieces.

Inventory:

Hand Weapons
 a - a +0 shortbow (weapon)
 i - a +2 dagger of holy wrath
Armour
 c - a +0 leather armour (worn)
Jewellery
 g - a ring of flight (left hand)
Scrolls
 b - a scroll of immolation
 d - 3 scrolls of identify {unknown}
 e - a scroll of noise {unknown}
 f - a scroll of fog {unknown}
 h - a scroll of acquirement {unknown}


   Skills:
 - Level 2.1 Fighting
 + Level 5.5 Ranged Weapons
 + Level 1.1 Armour
 + Level 1.6 Dodging
 - Level 1.1 Stealth


You had 3 spell levels left.
You didn't know any spells.
Your spell library contained the following spells:

 Spells                   Type           Power      Damage    Failure   Level
 Petrify                  Tmut/Erth      0%         N/A       99%         4
 Irradiate                Conj/Tmut      0%         3d11      100%        5
 Sublimation of Blood     Necr           Unusable   N/A       N/A         2

Dungeon Overview and Level Annotations

Branches:
Dungeon (2/15)

Altars:

Annotations:
D:2 Crazy Yiuf


Innate Abilities, Weirdness & Mutations

You are immune to sickness and miasma.
Your stone body is resilient. (AC +3)
You are immune to poison.
You resist negative energy. (rN+)
You are resistant to electric shocks. (rElec)
You are resistant to unholy torment.
You are immune to petrification.
You are partially covered in iridescent scales. (AC +2)
You are agile. (Dex +4, Str/Int -1)
Your magical capacity is low. (-10% MP)
You occasionally lose the ability to drink potions when taking damage.


Message History

There is a stone staircase leading down here.
Key pressed, stopping explore.
Crazy Yiuf laughs, "Fluff ragdoll blue!"
Could not explore, unopened runed door.
No reachable target in view!
No reachable target in view!
No reachable target in view!
No reachable target in view!
You aren't carrying any potions.
You reach down and open the door.
Fire: a) +0 shortbow
Press: ? - help, Q - select action Shift-Dir - straight line, f - Crazy Yiuf
Aim: Crazy Yiuf, wielding a +4 quarterstaff of chaos and wearing a +0 cloak (66% to hit)
You shoot an arrow. The arrow hits Crazy Yiuf.
Crazy Yiuf is moderately wounded.
Crazy Yiuf hits you with a +4 quarterstaff of chaos.
You fade into invisibility!
Fire: a) +0 shortbow
Press: ? - help, Q - select action Shift-Dir - straight line, f/p - Crazy Yiuf
Aim: Crazy Yiuf, wielding a +4 quarterstaff of chaos and wearing a +0 cloak (moderately wounded, unable to see you, 66% to hit)
You shoot an arrow. The arrow hits Crazy Yiuf!
Crazy Yiuf is almost dead.
Crazy Yiuf hits you with a +4 quarterstaff of chaos.
You feel yourself speed up.
Fire: a) +0 shortbow
Press: ? - help, Q - select action Shift-Dir - straight line, f/p - Crazy Yiuf
Aim: Crazy Yiuf, wielding a +4 quarterstaff of chaos and wearing a +0 cloak (almost dead, unable to see you, 66% to hit)
You shoot an arrow. The arrow closely misses Crazy Yiuf.
Crazy Yiuf hits you with a +4 quarterstaff of chaos!
You feel threatened and lose the ability to drink potions!
Crazy Yiuf burns you.
* * * LOW HITPOINT WARNING * * *
Fire: a) +0 shortbow
Press: ? - help, Q - select action Shift-Dir - straight line, f/p - Crazy Yiuf
Aim: Crazy Yiuf, wielding a +4 quarterstaff of chaos and wearing a +0 cloak (almost dead, unable to see you, 66% to hit)
You shoot an arrow. The arrow hits Crazy Yiuf.
Crazy Yiuf is almost dead.
Crazy Yiuf hits you with a +4 quarterstaff of chaos!
Ouch! That really hurt!
You die...

)...# ##..##
÷'### #....#
..# ♣....♣
### ♣...♣♣ #
♣♣.♣♣ #
##########
♣.♣♣
#....(..<#
♣♣.♣
###........#
♣.♣♣
.##...>....#
♣♣@♣
...........#
#g#
###........#
...
#÷[......#
#...#
#........#
#..)#
###........#
#####
..^.########
####......#
####......#


You could see Crazy Yiuf (unable to see you).

Vanquished Creatures
  Jessica (D:2)
  A worm (D:2)
  A dart slug (D:2)
  3 ball pythons (D:1)
  6 bats
  6 endoplasms
  2 giant cockroaches
  4 goblins
  2 hobgoblins
  4 quokkas (D:1)
  3 frilled lizards
  5 kobolds
  6 rats
44 creatures vanquished.

Notes
Turn   | Place    | Note
-------+----------+-------------------------------------------
     0 | D:1      | zeram the Gargoyle Hunter began the quest for the Orb.
     0 | D:1      | Reached XP level 1. HP: 12/12 MP: 1/1
    70 | D:1      | Reached XP level 2. HP: 17/17 MP: 2/2
   749 | D:1      | Reached XP level 3. HP: 21/21 MP: 3/3
  1073 | D:1      | Reached skill level 5 in Ranged Weapons
  1298 | D:2      | Found a faded altar of an unknown god.
  1329 | D:2      | Noticed Jessica
  1345 | D:2      | Gained mutation: You occasionally lose the ability to drink
                  | potions when taking damage. [potion of mutation]
  1345 | D:2      | Gained mutation: Your magical capacity is low. (-10% MP)
                  | [potion of mutation]
  1345 | D:2      | Gained mutation: You are partially covered in iridescent
                  | scales. (AC +2) [potion of mutation]
  1345 | D:2      | Gained mutation: You are agile. (Dex +4, Str/Int -1)
                  | [potion of mutation]
  1348 | D:2      | Killed Jessica
  1349 | D:2      | Reached skill level 1 in Armour
  1349 | D:2      | Reached XP level 4. HP: 18/26 MP: 3/3
  1675 | D:2      | Found a runed translucent door.
  1676 | D:2      | Noticed Crazy Yiuf
  1821 | D:2      | Mangled by Crazy Yiuf

Illustrated notes

Levels and vault maps discovered:
D:1:      dpeg_arrival_tiny_c, layout_basic
D:2:      layout_rooms, chequers_ecumenical_altar_island,
          kennysheep_generic_room_15, uniq_jessica, uniq_crazy_yiuf_cottage

Skill      XL: |  1  2  3 |
---------------+----------+-----
Ranged Weapons | 5 |  5.5
Armour         | 1 |  1.1
Fighting       | |  2.1
Dodging        | |  1.6
Stealth        | |  1.1

Action                   |  1- 3 |  4- 6 || total
-------------------------+-------+-------++-------
 Fire: Shortbow          |   126 |    16 ||   142
  Use: Potion            |     3 |       ||     3
Armor: Leather armour    |    26 |     4 ||    30
Dodge: Dodged            |    50 |     2 ||    52
